 Dungeon Crawl Stone Soup version 0.30-a0-42-g806c11bf1d (webtiles) character file.

Game seed: 13517652940338547326

21 ytrimaz the Insei (level 2, -2/18 HPs)
             Began as an Octopode Transmuter on Aug 30, 2022.
             Slain by a gnoll
             ... wielding a +0 spear
              (6 damage)
             ... on level 2 of the Dungeon.
             The game lasted 00:02:26 (1073 turns).

ytrimaz the Insei (Octopode Transmuter)             Turns: 1073, Time: 00:02:26

Health: -2/18      AC:  1    Str:  9    XL:     2   Next: 83%
Magic:  5/5        EV: 13    Int: 15    God:
Gold:   91         SH:  0    Dex: 12    Spells: 5/6 levels left

rFire   . . .      SeeInvis .      - Unarmed
rCold   . . .      Faith    .    (no shield)
rNeg    . . .      Spirit   .    (helmet restricted)
rPois   .          Reflect  .    (no amulet)
rElec   .          Harm     .    (no ring)
rCorr   .          Rampage  .    (no ring)
Will    .....                    (no ring)
Stlth   ++........               (no ring)
HPRegen 0.06/turn                (no ring)
MPRegen 0.09/turn                (no ring)
                                 (no ring)
                                 (no ring)

@: no status effects
A: almost no armour, amphibious, 8 rings, camouflage 1, gelatinous body 1,
(nimble swimmer 1), tentacles
a: no special abilities


You were on level 2 of the Dungeon.
You visited 1 branch of the dungeon, and saw 2 of its levels.

You collected 91 gold pieces.


Innate Abilities, Weirdness & Mutations

You cannot wear most types of armour.
You are amphibious.
You can wear up to eight rings at the same time.
Your skin changes colour to match your surroundings (Stealth+).
Your rubbery body absorbs attacks. (AC +1, EV +1)
((You are camouflaged when in or above water. (Stealth+)))
You have tentacles for arms and can constrict up to eight enemies at once.


   Skills:
 - Level 1.0 Fighting
 - Level 2.0 Dodging
 - Level 3.0 Unarmed Combat
 + Level 2.5 Spellcasting
 + Level 2.7 Transmutations


You had 5 spell levels left.
You knew the following spells:

 Your Spells              Type           Power      Damage    Failure   Level
a - Beastly Appendage     Tmut           20%        N/A       7%          1

Your spell library contained the following spells:

 Spells                   Type           Power      Damage    Failure   Level
 Wereblood                Tmut           10%        N/A       11%         2
 Foxfire                  Conj/Fire      4%         2x1d4     22%         1
 Spider Form              Tmut/Pois      5%         N/A       36%         3
 Confusing Touch          Hex            1%         N/A       54%         3
 Conjure Flame            Conj/Fire      1%         6-21      54%         3
 Inner Flame              Hex/Fire       1%         N/A       54%         3
 Ice Form                 Ice/Tmut       5%         N/A       77%         4
 Flame Wave               Conj/Fire      1%         2d4       91%         4
 Yara's Violent Unravell  Hex/Tmut       2%         3d3       98%         5
 Enfeeble                 Hex            0%         N/A       100%        7

Inventory:

Missiles
 d - 6 atropa-tipped darts {throwing}
 e - 15 stones {throwing}
Wands
 h - a wand of polymorph (7)
   (You found it on level 2 of the Dungeon)
Potions
 a - a potion of lignification {!q}
 f - 2 potions of curing {unknown}

Dungeon Overview and Level Annotations

Branches:
Dungeon (2/15) Zot: 10928

Altars:

#.# #.# #.#
######..
#.#####.......
..#...g..#
###.###..# ##
#.###g.##...
#.#.<.g...#
#g#@#.....#
#.#.##g.#.#
#.g.....#..g
###.###.# #.#
#.# .# .# #.#
#.## #..# ##.#


You could see 3 gnolls.


Message History

No target in view!
g - a scroll labelled AKOOSAPTAAXI You now have 59 gold pieces (gained 16).
You now have 68 gold pieces (gained 9).
You now have 75 gold pieces (gained 7).
Partly explored, can't reach some items and places.
Partly explored, can't reach some items and places.
No target in view!
Partly explored, can't reach some items and places.
Partly explored, can't reach some items and places.
Partly explored, can't reach some items and places.
There is a stone staircase leading down here.
You climb downwards.
There is a stone staircase leading up here.
Found an escape hatch in the ceiling.
You now have 91 gold pieces (gained 16).
h - a wand of polymorph (7)
As you read the scroll labelled OGUZXO FEAG, it crumbles to dust.
You feel strangely unstable.
It was a scroll of teleportation.
As you read the scroll labelled AKOOSAPTAAXI, it crumbles to dust.
You assume a fearsome visage.
Nothing appears to happen.
It was a scroll of fear.
Unknown command.
Your surroundings suddenly seem different.
As you read the scroll labelled DEVITU KUBEUFF, it crumbles to dust.
The air around you briefly surges with heat, but it dissipates.
It was a scroll of immolation.
Unknown command.
You start waiting.
Done waiting.
A rat comes into view.
You closely miss the rat. Your grab misses the rat.
Your squeeze misses the rat. The rat misses you.
You tentacle-slap the rat but do no damage.
You grab the rat.
You constrict the rat, but do no damage.
The rat closely misses you.
You tentacle-slap the rat.
You kill the rat!
A dart slug comes into view.
The helpless dart slug fails to defend itself.
You tentacle-slap the dart slug. You grab the dart slug.
You constrict the dart slug. The dart slug closely misses you.
You tentacle-slap the dart slug.
You constrict the dart slug, but do no damage.
You tentacle-slap the dart slug.
You kill the dart slug!
Found a stone staircase leading up.
An endoplasm comes into view.
An endoplasm is nearby!
A gnoll comes into view. It is wielding a +0 spear.
The gnoll shouts!
The gnoll moves out of view.
A gnoll comes into view. It is wielding a +0 spear.
Casting: Beastly Appendage (safe; 7% risk of failure)
Confirm with . or Enter, or press ? or * to list all spells.
One of your tentacles grows a vicious spike.
A gnoll comes into view. It is wielding a +0 club. 😎 MP[-1]
You lost 1 mp, and now have 4/5 mp.
Unknown command.
The endoplasm hits you. 😕 HP[-1]
You take 1 damage, and now have 17/18 hp.
Your transformation is almost over.
You tentacle-slap the endoplasm. The endoplasm freezes you.
You are frozen. 😮 HP[-5]
You take 5 damage, and now have 12/18 hp.
MASSIVE DAMAGE!! (PAUSE)
The endoplasm attacks as you move away! The endoplasm hits you. 😮 HP[-1]
You take 1 damage, and now have 11/18 hp.
Unknown command.
You tentacle-slap the endoplasm but do no damage.
The endoplasm closely misses you.
You tentacle-slap the endoplasm. Your squeeze misses the endoplasm.
The endoplasm freezes you.
You are frozen.
* * * LOW HITPOINT WARNING * * *
😨 HP[-5]
You take 5 damage, and now have 6/18 hp.
MASSIVE DAMAGE!! (PAUSE)
The endoplasm attacks as you move away! The endoplasm barely misses you.
The endoplasm attacks as you move away! The endoplasm hits you.
* * * LOW HITPOINT WARNING * * *
😱 HP[-3]
You take 3 damage, and now have 3/18 hp.
You tentacle-slap the endoplasm.
You kill the endoplasm!
Unknown command. 😱 MP[+1]
Your mp is fully restored (5).
Your tentacle spike disappears.
A gnoll comes into view. It is wielding a +0 halberd. 😱 HP[+1]
The gnoll hits you from afar with a +0 spear.
You die...

Action                   || total
-------------------------++-------
Melee: Unarmed           ||    38
       Constrict         ||    12
       Kick              ||     4
       Tentacles         ||     4
       Punch             ||     1
 Cast: Beastly Appendage ||     4
  Use: Scroll            ||     3
 Stab: Sleeping          ||     2
Armor: Skin              ||     1
Dodge: Dodged            ||    26

Levels and vault maps discovered:
D:1:      minmay_arrival_widening_spiral_wide, layout_loops_ring,
          chequers_jeans, lemuel_flame_loot_1
D:2:      minmay_diamond_boxcup, layout_loops_cross,
          shapermc_ecumenical_altar_notcrosses, basic_altar

Notes
Turn   | Place    | Note
-------+----------+-------------------------------------------
     0 | D:1      | ytrimaz the Octopode Transmuter began the quest for the
                  | Orb.
     0 | D:1      | Reached XP level 1. HP: 13/13 MP: 3/3
     0 | D:1      | magus.rc [v1.9.6]
   106 | D:1      | Reached XP level 2. HP: 14/18 MP: 5/5
   241 | D:1      | You pick up a book of Misfortune and begin reading...
   241 | D:1      | You add the spells Confusing Touch, Yara's Violent
                  | Unravelling and Enfeeble to your library.
   565 | D:1      | You pick up a book of Flames and begin reading...
   565 | D:1      | You add the spells Foxfire, Conjure Flame, Inner Flame and
                  | Flame Wave to your library.
  1066 | D:2      | HP: 3/18 [endoplasm (3)]
  1073 | D:2      | Slain by a gnoll

Vanquished Creatures
  2 dart slugs
  2 endoplasms
  3 giant cockroaches (D:1)
  4 jackals (D:1)
  2 ball pythons (D:1)
  A goblin (D:1)
  A rat (D:2)
15 creatures vanquished.

Vanquished Creatures (others)
  An endoplasm (D:1)
1 creature vanquished.

Grand Total: 16 creatures vanquished

Table legend:
 A = Non-vault XP
 B = Vault XP
 C = Vault XP percentage of total XP
 D = Non-vault monster count
 E = Vault monster count
 F = Vault count percentage of total count
                 A         B        C        D         E       F
            +---------+---------+-------+---------+---------+-------
      Total |      30 |       0 |   0.0 |      15 |       0 |   0.0
            +---------+---------+-------+---------+---------+-------
        D:1 |      23 |       0 |   0.0 |      12 |       0 |   0.0
        D:2 |       7 |       0 |   0.0 |       3 |       0 |   0.0
            +---------+---------+-------+---------+---------+-------

Illustrated notes

Table legend:
 A = Kills in this place as a percentage of kills in entire the game.
 B = Kills by you in this place as a percentage of kills by you in the entire game.
 C = Kills by friends in this place as a percentage of kills by friends in the entire game.
 D = Other kills in this place as a percentage of other kills in the entire game.
 E = Experience gained in this place as a percentage of experience gained in the entire game.
 F = Experience gained in this place divided by the number of levels of this place that you have seen.
                   A       B       C       D       E      F
               +-------+-------+-------+-------+-------+----------------------
         Total | 100.0 | 100.0 |   N/A |   N/A | 100.0 |  15.0
       Dungeon | 100.0 | 100.0 |   N/A |   N/A | 100.0 |  15.0
               +-------+-------+-------+-------+-------+----------------------

Table legend: (Time is in decaauts)
 A = Elapsed time spent in this place.
 B = Non-inter-level travel time spent in this place.
 C = Inter-level travel time spent in this place.
 D = Time resting spent in this place.
 E = Time spent auto-exploring this place.
 F = Levels seen in this place.
 G = Mean time per level.
                   A        B        C        D        E       F      G
               +--------+--------+--------+--------+--------+-----+--------+
         Total |   1070 |   1053 |     17 |    100 |    820 |   2 |  535.0 |
       Dungeon |   1070 |   1053 |     17 |    100 |    820 |   2 |  535.0 |
               +--------+--------+--------+--------+--------+-----+--------+

Top non-repeatable levels by time:
     D:1: 864 daAuts
     D:2: 206 daAuts
